 Dungeon Crawl Stone Soup version 0.29.1-1-gd02db6906a (webtiles) character file.

Game seed: 9164765638674810025

509 virigoth the Cudgeller (level 6, -5/72 HPs)
             Began as a Demonspawn Berserker on Sept 20, 2022.
             Was a Believer of Trog.
             Killed by divine providence
             ... invoked by an orc priest
              (16 damage)
             ... on level 4 of the Dungeon.
             The game lasted 00:08:00 (3200 turns).

virigoth the Cudgeller (Demonspawn Berserker)       Turns: 3200, Time: 00:08:00

Health: -5/72      AC: 13    Str: 19    XL:     6   Next: 98%
Magic:  6/6        EV:  8    Int:  8    God:    Trog [**....]
Gold:   305        SH:  0    Dex: 13    Spells: 5/5 levels left

rFire   + . .      SeeInvis .   f - +2 whip (distort)
rCold   . . .      Faith    .   (no shield)
rNeg    . . .      Spirit   .   i - +1 chain mail {rF+}
rPois   .          Reflect  .   (no helmet)
rElec   .          Harm     +   u - scarf {harm}
rCorr   .          Rampage  .   (no gloves)
Will    .....                   v - +0 pair of boots
Stlth   ..........              c - amulet of regeneration
HPRegen 1.02/turn               (no ring)
MPRegen 0.10/turn               (no ring)

@: berserking, very quick
A: slimy green scales 1, demonic touch 2
a: Renounce Religion, Berserk, Trog's Hand


You were on level 4 of the Dungeon.
You worshipped Trog.
Trog was pleased with you.
You visited 1 branch of the dungeon, and saw 5 of its levels.

You collected 305 gold pieces.

Inventory:

Hand Weapons
 a - a +0 mace
 f - a +2 whip of distortion (weapon)
 q - a +0 spectral quarterstaff
 x - a +3 vorpal flail
Armour
 i - a +1 chain mail of fire resistance (worn)
 u - a scarf of harm (worn)
 v - a +0 pair of boots (worn)
Jewellery
 c - an amulet of regeneration (around neck)
 l - a ring of magical power
 m - an amulet of regeneration
Wands
 k - a wand of flame (23) (quivered)
Scrolls
 b - a scroll of vulnerability {unknown}
 g - 3 scrolls of teleportation
 h - 3 scrolls of butterflies
 j - 2 scrolls of immolation {unknown}
 n - 2 scrolls of enchant armour {unknown}
 r - a scroll of noise {unknown}
 s - a scroll of acquirement {unknown}
 w - a scroll of torment {unknown}
 y - a scroll of identify
Potions
 d - a potion of flight
 o - a potion of might {unknown}
 p - a potion of lignification {unknown}
 t - a potion of curing {unknown}


   Skills:
 + Level 4.1 Fighting
 + Level 5.2 Maces & Flails
 + Level 3.1 Armour
 + Level 3.1 Dodging
 + Level 1.7 Evocations


You had 5 spell levels left.
You didn't know any spells.
Your spell library was empty.

Dungeon Overview and Level Annotations

Branches:
Dungeon (5/15)
 Temple: D:4-7

Altars:
Dithmenos
Wu Jian


Innate Abilities, Weirdness & Mutations

You are partially covered in slimy green scales. (AC +2)
Your touch may inflict irresistible damage on your foes.


Message History

The orc shouts!
An orc priest comes into view. It is wielding a +0 club.
The orc priest looks satisfied for a moment.
You closely miss the orc priest. Your touch misses the orc priest.
You hit the orc wizard.
Space warps around the orc wizard.
You touch the orc wizard!
You kill the orc wizard!
Trog accepts your kill.
Trog appreciates your killing of a magic user.
You whack the orc priest!
Space warps around the orc priest.
You kill the orc priest!
Trog accepts your kill.
The orc priest calls down the wrath of Beogh upon you.
Beogh smites you!
The orc hits you with a +1 mace of holy wrath.
You convulse!
Items here: )) [[ ††.
You are too injured to fight recklessly!
You are too injured to fight recklessly!
You are too injured to fight recklessly!
You are too injured to fight recklessly!
You closely miss the orc.
A hobgoblin comes into view.
The orc hits you with a +1 mace of holy wrath.
* * * LOW HITPOINT WARNING * * *
You convulse!
* * * LOW HITPOINT WARNING * * *
A red film seems to cover your vision as you go berserk!
You feel yourself moving faster!
You feel mighty! The orc hits you but does no damage.
You hit the orc.
Space warps horribly around the orc!
You kill the orc!
Trog accepts your kill.
You barely miss the orc. The orc hits you but does no damage.
You whack the orc!
You kill the orc!
Trog accepts your kill.
The orc priest mumbles some strange prayers to Beogh against you.
Beogh smites you!
You die...

#.......## #..## #..)..#.#
.........####...########.......##
.........'................)......
.........####...########..#....##
#..<....## #..### #..##.#.#
##.....## #....# #.......#
##...## ####.# #####.###### ##+##
#.# #.........### #@#
#.###.###.##. #o# #.# #.##. #g#
#.###.##. #.# #........ #.#
#####.##. ..# .#######.### ###
.........# ##########


You could see an orc priest and a hobgoblin.

Vanquished Creatures
  Edmund (D:4)
  The ghost of Icepheonix32 the Trooper, an amateur MiFi (D:3)
  An ogre (D:4)
  An orc priest (D:4)
  An orc wizard (D:4)
  3 gnolls (D:3)
  2 adders
  5 dart slugs
  4 orcs
  3 endoplasms
  2 giant cockroaches
  5 goblins
  3 hobgoblins
  3 jackals (D:1)
  10 kobolds
  A quokka (D:2)
  7 ball pythons
  6 bats
  4 frilled lizards
  9 rats
72 creatures vanquished.

Notes
Turn   | Place    | Note
-------+----------+-------------------------------------------
     0 | D:1      | virigoth the Demonspawn Berserker began the quest for the
                  | Orb.
     0 | D:1      | Reached XP level 1. HP: 18/18 MP: 1/1
   157 | D:1      | Reached skill level 3 in Maces & Flails
   253 | D:1      | Gained mutation: You are partially covered in slimy green
                  | scales. (AC +2) [demonic ancestry]
   253 | D:1      | Reached XP level 2. HP: 23/24 MP: 2/2
   638 | D:1      | Gained mutation: Your touch may inflict minor irresistible
                  | damage on your foes. [demonic ancestry]
   638 | D:1      | Reached XP level 3. HP: 29/29 MP: 3/3
   666 | D:2      | Reached ** piety under Trog
   764 | D:2      | Reached skill level 4 in Maces & Flails
   999 | D:3      | Found a shadowy altar of Dithmenos.
  1083 | D:3      | Reached XP level 4. HP: 33/35 MP: 4/4
  1141 | D:3      | Noticed Icepheonix32's ghost (amateur MiFi)
  1198 | D:2      | Found a faded altar of an unknown god.
  1228 | D:2      | Found an ornate altar of the Wu Jian Council.
  2208 | D:3      | Found a transporter.
  2247 | D:3      | Found a transporter.
  2269 | D:3      | Killed Icepheonix32's ghost
  2270 | D:3      | Gained mutation: Your touch may inflict irresistible damage
                  | on your foes. [demonic ancestry]
  2270 | D:3      | Reached XP level 5. HP: 27/41 MP: 5/5
  2699 | D:5      | Entered Level 5 of the Dungeon
  2960 | D:4      | Noticed Edmund
  2976 | D:4      | Killed Edmund
  2977 | D:4      | Reached skill level 5 in Maces & Flails
  2977 | D:4      | Reached skill level 1 in Evocations
  2977 | D:4      | Reached XP level 6. HP: 46/48 MP: 6/6
  3200 | D:4      | Killed from afar by an orc priest

Illustrated notes

Levels and vault maps discovered:
D:1:      lightli_arrival_farm, layout_basic, dreamdust_wishing_well
D:2:      wander_river, layout_rooms, dreamdust_ecumenical_altar_statues,
          basic_altar, grunt_ministairs_1
D:3:      layout_loops_ring, grunt_dithmenos_smoke, gammafunk_ghost_arena
D:4:      layout_loops_corners, kennysheep_generic_room_14, uniq_edmund
D:5:      layout_basic, kennysheep_generic_room_12, uniq_pikel

Skill      XL: |  1  2  3  4  5  6 |
---------------+-------------------+-----
Maces & Flails | 3 4 5 |  5.2
Dodging        | 2 3 |  3.1
Armour         | 2 3 |  3.1
Evocations     | 1 |  1.7
Fighting       | 4 |  4.1

Action                   |  1- 3 |  4- 6 || total
-------------------------+-------+-------++-------
Melee: Whip              |    77 |    63 ||   140
       Punch             |     2 |       ||     2
       Mace              |     1 |       ||     1
       Touch             |     3 |    11 ||    14
  Use: Scroll            |     3 |     1 ||     4
       Potion            |       |     1 ||     1
 Stab: Sleeping          |     2 |     1 ||     3
Armor: Animal skin       |    26 |       ||    26
       Leather armour    |     3 |     3 ||     6
       Chain mail        |       |    23 ||    23
Dodge: Dodged            |    46 |    28 ||    74
